 Dungeon Crawl Stone Soup version 0.30-a0-782-ge64f9170bb (webtiles) character file.

Game seed: 14434847280915523653

22572 Jossarian the Destroyer (level 13, -14/98 HPs)
             Began as a Gnoll Conjurer on Feb 24, 2023.
             Was an Elder of Vehumet.
             Demolished by an enormous slime creature (54 damage)
             ... on level 12 of the Dungeon on Mar 1, 2023.
             The game lasted 04:19:49 (16284 turns).

Jossarian the Destroyer (Gnoll Conjurer)           Turns: 16284, Time: 04:19:50

Health: -14/98     AC: 16    Str: 14    XL:     13   Next: 1%
Magic:  5/23       EV: 17    Int: 25    God:    Vehumet [****..]
Gold:   1206       SH:  9    Dex: 17    Spells: 1/31 levels left

rFire   + + .      SeeInvis .    N - staff of death
rCold   . . .      Faith    .    R - +3 buckler "Deomiala" {rF++ Dex+2}
rNeg    + + +      Spirit   .    s - +4 robe of Augmentation {Str+4 Int+4 Dex+4}
rPois   .          Reflect  .    g - +2 helmet
rElec   .          Harm     .    Q - +2 cloak of the Everdark {+Blink +Inv rN++ Stlth-}
rCorr   .          Rampage  +    (no gloves)
Will    .....                    n - +2 pair of boots {rampage}
Stlth   +++                      B - amulet of magic regeneration
HPRegen 0.00/turn                (no ring)
MPRegen 0.58/turn                (no ring)

@: inhibited regen, unable to drink
A: fangs 1, strong nose, distributed training, low MP 1, inhibited regeneration,
strong 1, inability to drink after injury 1
a: Renounce Religion, Evoke Blink, Evoke Invisibility


You were on level 12 of the Dungeon.
You worshipped Vehumet.
Vehumet was greatly pleased with you.
You visited 3 branches of the dungeon, and saw 15 of its levels.

You collected 1310 gold pieces.
You spent 104 gold pieces at shops.

Inventory:

Hand Weapons
 e - a +2 short sword of flaming
 h - a +1 short sword of freezing
 r - a +4 vampiric scythe
 y - a +1 flail of protection
 C - a +3 falchion
 E - a +2 dagger of electrocution
 Z - a +3 short sword of venom
Missiles
 a - 12 boomerangs
 d - 155 stones
 v - 4 curare-tipped darts
 x - 4 javelins (quivered)
 z - 12 poisoned darts
 D - 9 atropa-tipped darts
 W - 2 large rocks
Armour
 g - a +2 helmet (worn)
 n - a +2 pair of boots of rampaging (worn)
 s - the +4 robe of Augmentation (worn) {Str+4 Int+4 Dex+4}
   (You found it on level 3 of the Dungeon)

   Str:       It affects your strength (+4).
   Int:       It affects your intelligence (+4).
   Dex:       It affects your dexterity (+4).
 K - an orb of guile
 Q - the +2 cloak of the Everdark (worn) {+Blink +Inv rN++ Stlth-}
   (You acquired it on level 9 of the Dungeon)

   rN:        It greatly protects you from negative energy.
   +Inv:      It lets you turn invisible.
   +Blink:    It lets you blink.
   Stlth:     It makes you less stealthy.
 R - the +3 buckler "Deomiala" (worn) {rF++ Dex+2}
   (You found it on level 12 of the Dungeon)

   Dex:       It affects your dexterity (+2).
   rF:        It greatly protects you from fire.
 V - +0 acid dragon scales
Magical Staves
 N - a staff of death (weapon)
Jewellery
 c - an amulet of faith
 B - an amulet of magic regeneration (around neck)
 U - a ring of positive energy
Wands
 j - a wand of mindburst (1)
 A - a wand of roots (11)
 M - a wand of paralysis (4)
 P - a wand of flame (42)
Scrolls
 k - a scroll of poison
 l - 10 scrolls of teleportation
 F - 2 scrolls of magic mapping
 G - 2 scrolls of amnesia
 H - 7 scrolls of fog
 I - 4 scrolls of identify
 J - 2 scrolls of immolation
 Y - a scroll of blinking
Potions
 b - 4 potions of magic
 f - 2 potions of cancellation
 i - 3 potions of attraction
 o - a potion of invisibility
 p - 3 potions of lignification
 q - 5 potions of might
 t - 2 potions of flight
 u - 5 potions of curing
 w - a potion of haste
 L - a potion of ambrosia
 O - a potion of resistance
Miscellaneous
 S - a box of beasts
 T - a tin of tremorstones (2/2)
 X - a tin of tremorstones (2/2)


   Skills:
 + Level 8.1 Fighting
 + Level 8.1 Short Blades
 + Level 8.1 Long Blades
 + Level 8.1 Axes
 + Level 8.1 Maces & Flails
 + Level 8.1 Polearms
 + Level 8.1 Staves
 + Level 8.1 Ranged Weapons
 + Level 8.1 Throwing
 + Level 8.1 Armour
 + Level 9.4 Dodging
 + Level 9.2 Stealth
 + Level 8.1 Shields
 + Level 8.1 Unarmed Combat
 + Level 9.6 Spellcasting
 + Level 9.9 Conjurations
 + Level 6.7 Hexes
 + Level 6.7 Summonings
 + Level 6.7 Necromancy
 + Level 6.7 Translocations
 + Level 6.7 Transmutations
 + Level 6.7 Fire Magic
 + Level 6.7 Ice Magic
 + Level 6.7 Air Magic
 + Level 6.7 Earth Magic
 + Level 6.7 Poison Magic
 + Level 8.9 Invocations
 + Level 8.1 Evocations


You had one spell level left.
You knew the following spells:

 Your Spells              Type           Power      Damage    Failure   Level
a - Magic Dart            Conj           100%       1d8       1%          1
b - Searing Ray           Conj           100%       2d8       1%          2
c - Summon Guardian Gole  Hex/Summ       45%        N/A       1%          3
d - Freeze                Ice            100%       1d10      1%          1
e - Sandblast             Erth           90%        2d19      1%          1
f - Tukima's Dance        Hex            45%        N/A       1%          3
g - Vampiric Draining     Necr           62%        2d10      1%          3
h - Call Canine Familiar  Summ           45%        N/A       1%          3
i - Gell's Gravitas       Tloc           45%        N/A       1%          3
j - Scorch                Fire           90%        2d10      1%          2
k - Dispel Undead         Necr           62%        3d22      3%          4
l - Summon Ice Beast      Ice/Summ       45%        N/A       3%          4

Your spell library contained the following spells:

 Spells                   Type           Power      Damage    Failure   Level
 Hailstorm                Conj/Ice       52%        3d12      1%          3
 Beastly Appendage        Tmut           90%        N/A       1%          1
 Necrotise                Necr           100%       1d9       1%          1
 Summon Small Mammal      Summ           100%       N/A       1%          1
 Cigotuvi's Dreadful Rot  Necr/Pois/Air  100%       N/A       1%          2
 Lesser Beckoning         Tloc           90%        N/A       1%          2
 Wereblood                Tmut           45%        N/A       1%          2
 Dazzling Flash           Conj/Hex       100%       N/A       1%          3
 Frozen Ramparts          Ice            90%        1d14      1%          3
 Kindle Blastsparks       Fire/Tloc/Air  90%        2d17      1%          3
 Portal Projectile        Hex/Tloc       90%        N/A       1%          3
 Spider Form              Tmut/Pois      45%        N/A       1%          3
 Teleport Other           Tloc           45%        N/A       1%          3
 Fulminant Prism          Conj/Hex       26%        3d13      1%          4
 Iskenderun's Mystic Bla  Conj/Tloc      52%        2d11      1%          4
 Olgreb's Toxic Radiance  Pois           45%        N/A       1%          4
 Ice Form                 Ice/Tmut       45%        N/A       3%          4
 Lee's Rapid Deconstruct  Erth           22%        3d13*     3%          5
 Yara's Violent Unravell  Hex/Tmut       22%        3d10      3%          5
 Starburst                Conj/Fire      26%        6d8       9%          6
 Agony                    Necr           62%        N/A       11%         5
 Blade Hands              Tmut           22%        N/A       11%         5
 Death Channel            Necr           31%        N/A       52%         6
 Ozocubu's Refrigeration  Ice            22%        4d12      58%         7
 Enfeeble                 Hex            22%        N/A       97%         7
 Ignition                 Fire           22%        3d8       99%         8


Dungeon Overview and Level Annotations

Branches:
Dungeon (12/15)            Temple (1/1) D:7            Lair (2/5) D:9
 Shoals (0/4) Lair:2          Orc (0/2) D:12
  Snake: Lair:2-3    Spider: Lair:2-3

Altars:
Ashenzari
Cheibriados
Dithmenos
Elyvilon
Fedhas
Gozag
Hepliaklqana
Kikubaaqudgha
Makhleb
Nemelex Xobeh
Okawaru
Qazlal
Ru
Sif Muna
Trog
Uskayaw
Vehumet
Wu Jian
Xom
Yredelemnul
Zin
The Shining One

Shops:
D:4 ([!![   D:7 :(

Portals:
Trove: D:10 (give +2 fire dragon scales)


Innate Abilities, Weirdness & Mutations

You have very sharp teeth.
Your uncanny sense of smell can sniff out nearby items.
Your experience applies equally to all skills.
Your magical capacity is low. (-10% MP)
You do not regenerate when monsters are visible.
Your muscles are strong. (Str +4, Int/Dex -1)
You occasionally lose the ability to drink potions when taking damage.


Message History

Ouch! That really hurt!
* * * LOW HITPOINT WARNING * * *
Casting: Vampiric Draining (safe; 1% risk of failure)
Confirm with . or Enter, or press ? or * to list all spells.
Aiming: Vampiric Draining (safe; 1% risk of failure)
Press: ? - help, Shift-Dir - straight line, f/p - enormous slime creature
Aim: an enormous slime creature (heavily wounded)
You feel a surge of power!
You draw life force from the enormous slime creature!
You feel life coursing into your body.
The enormous slime creature hits you but does no damage.
Casting: Vampiric Draining (safe; 1% risk of failure)
Confirm with . or Enter, or press ? or * to list all spells.
Aiming: Vampiric Draining (safe; 1% risk of failure)
Press: ? - help, Shift-Dir - straight line, f/p - enormous slime creature
Aim: an enormous slime creature (severely wounded)
You feel a surge of power!
You draw life force from the enormous slime creature!!
You feel life coursing into your body! The enormous slime creature hits you!
You feel threatened and lose the ability to drink potions!
* * * LOW HITPOINT WARNING * * *
Casting: Vampiric Draining (safe; 1% risk of failure)
Confirm with . or Enter, or press ? or * to list all spells.
Aiming: Vampiric Draining (safe; 1% risk of failure)
Press: ? - help, Shift-Dir - straight line, f/p - enormous slime creature
Aim: an enormous slime creature (severely wounded)
You feel a surge of power!
You draw life force from the enormous slime creature!
You feel life coursing into your body.
You block the enormous slime creature's attack.
Casting: Vampiric Draining (safe; 1% risk of failure)
Confirm with . or Enter, or press ? or * to list all spells.
Aiming: Vampiric Draining (safe; 1% risk of failure)
Press: ? - help, Shift-Dir - straight line, f/p - enormous slime creature
Aim: an enormous slime creature (severely wounded)
You feel a surge of power!
You draw life force from the enormous slime creature!
You feel life coursing into your body! The enormous slime creature hits you!!!
Ouch! That really hurt!
You die...

####################...#
#...# #...##
####################.....
#.......................>
#....)........###########
############..###########
############...[.........
#.....))@J....÷......)...
#################........
###########...#####
................... ∆
...................
#######............
#..#########.
#..#########.
....^.).......


You could see an enormous slime creature.

Vanquished Creatures
  A two-headed ogre (D:9)
  A tengu warrior (D:9)
  8 skeletal warriors
  2 slime creatures (D:12)
  6 elephants (Lair:2)
  2 gargoyles
  3 cane toads
  3 komodo dragons
  2 trolls
  A shadow (D:10)
  3 wraiths
  Sigmund (D:3)
  2 wyverns
  A vampire (D:11)
  Grum (D:10)
  A basilisk (Lair:1)
  17 yaks
  5 vampire mosquitoes (D:12)
  Edmund (D:4)
  2 wargs (D:12)
  3 water moccasins
  2 orc warriors
  A sky beast (D:6)
  An ice beast (D:7)
  3 ogres
  6 wolves
  6 centaurs
  4 phantoms
  2 kobold brigands
  6 bullfrogs
  3 necrophages
  3 scorpions
  5 wights (D:7)
  11 killer bees
  A howler monkey (D:11)
  A hound (D:5)
  6 orc priests
  6 jellies
  2 iguanas
  13 orc wizards
  13 hell rats (Lair:1)
  Robin (D:4)
  A mummy (D:7)
  4 gnolls (D:6)
  17 river rats (Lair:1)
  10 adders
  A white imp (D:7)
  An ufetubus (D:7)
  A dart slug (D:4)
  25 orcs
  12 ball pythons
  3 bats
  7 endoplasms
  3 giant cockroaches
  18 goblins
  10 hobgoblins
  6 jackals
  12 quokkas
  3 frilled lizards
  15 kobolds
  10 rats
321 creatures vanquished.

Vanquished Creatures (collateral kills)
  A slime creature (D:12)
  A yak (D:11)
  2 vampire mosquitoes (D:12)
  An acid dragon (D:11)
  4 centaurs
  A howler monkey (D:11)
  An orc wizard (D:12)
  An orc (D:12)
  4 kobolds (D:11)
16 creatures vanquished.

Vanquished Creatures (others)
  A skeletal warrior (D:11)
  3 dancing weapons
  2 wolves (Lair:2)
  3 fungi
  18 plants
27 creatures vanquished.

Grand Total: 364 creatures vanquished

Notes
Turn   | Place    | Note
-------+----------+-------------------------------------------
     0 | D:1      | Jossarian the Gnoll Conjurer began the quest for the Orb.
     0 | D:1      | Reached XP level 1. HP: 13/13 MP: 6/6
   251 | D:1      | Found a faded altar of an unknown god.
   268 | D:1      | Reached XP level 2. HP: 19/19 MP: 2/7
   687 | D:1      | Reached skill level 5 in Spellcasting
   687 | D:1      | Reached XP level 3. HP: 25/25 MP: 4/9
   735 | D:1      | Found a basalt altar of Yredelemnul.
  1096 | D:2      | You fall into a shaft and drop 2 floors!
  1115 | D:4      | Found Rugaimidiv's Distillery.
  1115 | D:4      | Found Ykhlota's Antique Armour Boutique.
  1122 | D:4      | Reached skill level 1 in Invocations
  1181 | D:4      | Found Hoawawu's Armour Emporium.
  1184 | D:4      | Reached skill level 1 in Fighting
  1184 | D:4      | Reached skill level 1 in Short Blades
  1184 | D:4      | Reached skill level 1 in Long Blades
  1184 | D:4      | Reached skill level 1 in Axes
  1184 | D:4      | Reached skill level 1 in Maces & Flails
  1184 | D:4      | Reached skill level 1 in Polearms
  1184 | D:4      | Reached skill level 1 in Staves
  1184 | D:4      | Reached skill level 1 in Ranged Weapons
  1184 | D:4      | Reached skill level 1 in Throwing
  1184 | D:4      | Reached skill level 1 in Armour
  1184 | D:4      | Reached skill level 1 in Shields
  1184 | D:4      | Reached skill level 1 in Unarmed Combat
  1184 | D:4      | Reached skill level 1 in Evocations
  1188 | D:4      | Noticed a +0 hand axe
  1192 | D:4      | Found a hide-covered altar of Uskayaw.
  1192 | D:4      | Noticed a +0 dagger
  1236 | D:4      | Noticed an ogre
  1241 | D:4      | Learned a level 2 spell: Searing Ray
  1246 | D:4      | Noticed a phantom
  1253 | D:4      | Killed a phantom
  1254 | D:4      | Reached skill level 1 in Hexes
  1254 | D:4      | Reached skill level 1 in Summonings
  1254 | D:4      | Reached skill level 1 in Necromancy
  1254 | D:4      | Reached skill level 1 in Translocations
  1254 | D:4      | Reached skill level 1 in Transmutations
  1254 | D:4      | Reached skill level 1 in Fire Magic
  1254 | D:4      | Reached skill level 1 in Ice Magic
  1254 | D:4      | Reached skill level 1 in Air Magic
  1254 | D:4      | Reached skill level 1 in Earth Magic
  1254 | D:4      | Reached skill level 1 in Poison Magic
  1254 | D:4      | Reached XP level 4. HP: 26/32 MP: 2/11
  1254 | D:4      | Reached XP level 5. HP: 30/37 MP: 2/12
  1355 | D:4      | Killed an ogre
  1359 | D:4      | Reached skill level 5 in Dodging
  1359 | D:4      | Reached XP level 6. HP: 42/44 MP: 3/14
  1446 | D:4      | Noticed Edmund
  1615 | D:4      | Noticed Robin
  1905 | D:3      | Noticed Sigmund
  1951 | D:3      | Killed Sigmund
  1952 | D:3      | Reached XP level 7. HP: 46/51 MP: 9/15
  2021 | D:3      | Found a basalt altar of Yredelemnul.
  2058 | D:3      | Found the +4 robe of Augmentation {Str+4 Int+4 Dex+4}
  2721 | D:3      | Found an opulent altar of Gozag.
  3746 | D:4      | Killed Edmund
  3747 | D:4      | Reached skill level 5 in Stealth
  4168 | D:4      | Found Heboac's Weapon Shoppe.
  4253 | D:4      | Identified the +6 spear of Disorder {flame, rN+ MP+9 Int+3}
  4266 | D:4      | Killed Robin
  4487 | D:4      | Found Ydisk's Distillery.
  4491 | D:4      | Bought a potion of mutation for 104 gold pieces
  4491 | D:4      | Gained mutation: You are weak. (Str -2) [potion of
                  | mutation]
  4491 | D:4      | Gained mutation: You are partially covered in large bone
                  | plates. (SH +4) [potion of mutation]
  4491 | D:4      | Gained mutation: Your body sometimes deteriorates upon
                  | taking damage. [potion of mutation]
  4491 | D:4      | Gained mutation: Your spells are a little harder to cast,
                  | but a little more powerful. [potion of mutation]
  4601 | D:5      | Entered Level 5 of the Dungeon
  4677 | D:5      | Reached XP level 8. HP: 58/58 MP: 4/16
  5503 | D:5      | Found a sacrificial altar of Ru.
  5673 | D:5      | Found a burning altar of Makhleb.
  6157 | D:6      | Found an iron altar of Okawaru.
  6277 | D:6      | Found a snail-covered altar of Cheibriados.
  6395 | D:6      | Noticed a wraith
  6417 | D:6      | Killed a wraith
  6418 | D:6      | Reached XP level 9. HP: 53/65 MP: 10/18
  6785 | D:7      | Found a white marble altar of Elyvilon.
  7125 | D:7      | Reached skill level 5 in Invocations
  7441 | D:7      | Found Toumus's Weapon Emporium.
  7484 | D:7      | Found Ogicig's Book Boutique.
  7715 | D:7      | Found a staircase to the Ecumenical Temple.
  7734 | Temple   | Entered the Ecumenical Temple
  7773 | Temple   | Became a worshipper of Vehumet
  8226 | D:8      | Reached skill level 5 in Fighting
  8226 | D:8      | Reached skill level 5 in Short Blades
  8226 | D:8      | Reached skill level 5 in Long Blades
  8226 | D:8      | Reached skill level 5 in Axes
  8226 | D:8      | Reached skill level 5 in Maces & Flails
  8226 | D:8      | Reached skill level 5 in Polearms
  8226 | D:8      | Reached skill level 5 in Staves
  8226 | D:8      | Reached skill level 5 in Ranged Weapons
  8226 | D:8      | Reached skill level 5 in Throwing
  8226 | D:8      | Reached skill level 5 in Armour
  8226 | D:8      | Reached skill level 5 in Shields
  8226 | D:8      | Reached skill level 5 in Unarmed Combat
  8226 | D:8      | Reached skill level 5 in Evocations
  8226 | D:8      | Reached XP level 10. HP: 74/74 MP: 14/20
  8236 | D:8      | Found a bloodstained altar of Trog.
  8940 | D:9      | Found a staircase to the Lair.
  8968 | D:9      | Lost mutation: Your spells are a little harder to cast, but
                  | a little more powerful. [potion of mutation]
  8968 | D:9      | Lost mutation: You are partially covered in large bone
                  | plates. (SH +4) [potion of mutation]
  8968 | D:9      | Lost mutation: You are weak. (Str -2) [potion of mutation]
  8968 | D:9      | Gained mutation: You do not regenerate when monsters are
                  | visible. [potion of mutation]
  8968 | D:9      | Gained mutation: You are clumsy. (Dex -2) [potion of
                  | mutation]
  8968 | D:9      | Gained mutation: You are dopey. (Int -2) [potion of
                  | mutation]
  9125 | D:9      | Found a glowing golden altar of the Shining One.
  9225 | D:9      | Identified 3 scrolls of acquirement
  9226 | D:9      | Acquired the Unrestrained Analects
  9234 | D:9      | Learned a level 3 spell: Summon Guardian Golem
  9266 | D:9      | Acquired the +2 cloak of the Everdark {+Blink +Inv rN++
                  | Stlth-}
  9281 | D:9      | Acquired 374 gold pieces
  9612 | Lair:1   | Entered Level 1 of the Lair of Beasts
  9842 | Lair:1   | Reached * piety under Vehumet
  9842 | Lair:1   | Offered knowledge of Freeze by Vehumet.
  9886 | Lair:1   | Learned a level 1 spell: Freeze
  9890 | Lair:1   | Noticed a cane toad
  9903 | Lair:1   | Killed a cane toad
 10068 | Lair:1   | Noticed a cane toad
 10087 | Lair:1   | Killed a cane toad
 10088 | Lair:1   | Reached skill level 5 in Hexes
 10088 | Lair:1   | Reached skill level 5 in Summonings
 10088 | Lair:1   | Reached skill level 5 in Necromancy
 10088 | Lair:1   | Reached skill level 5 in Translocations
 10088 | Lair:1   | Reached skill level 5 in Transmutations
 10088 | Lair:1   | Reached skill level 5 in Fire Magic
 10088 | Lair:1   | Reached skill level 5 in Ice Magic
 10088 | Lair:1   | Reached skill level 5 in Air Magic
 10088 | Lair:1   | Reached skill level 5 in Earth Magic
 10088 | Lair:1   | Reached skill level 5 in Poison Magic
 10091 | Lair:1   | Reached XP level 11. HP: 66/81 MP: 14/23
 10278 | Lair:1   | Reached ** piety under Vehumet
 10278 | Lair:1   | Offered knowledge of Sandblast by Vehumet.
 10325 | Lair:1   | Learned a level 1 spell: Sandblast
 11378 | Lair:2   | Found a staircase to the Shoals.
 11880 | D:10     | Entered Level 10 of the Dungeon
 11880 | D:10     | Noticed a tengu warrior
 11880 | D:10     | Noticed a tengu warrior
 11888 | D:10     | Noticed a two-headed ogre
 11901 | D:9      | Identified the +3 scale mail "Leahoig" {Fly}
 11917 | D:9      | HP: 1/75 [tengu warrior/+3 halberd (17)]
 11925 | D:9      | Killed a tengu warrior
 12248 | D:9      | Killed a two-headed ogre
 12802 | D:10     | Learned a level 3 spell: Tukima's Dance
 12806 | D:10     | Learned a level 3 spell: Vampiric Draining
 12810 | D:10     | Learned a level 3 spell: Call Canine Familiar
 12814 | D:10     | Learned a level 3 spell: Gell's Gravitas
 12961 | D:10     | Offered knowledge of Scorch by Vehumet.
 13137 | D:10     | Noticed Grum
 13163 | D:10     | Killed Grum
 13164 | D:10     | Reached XP level 12. HP: 89/91 MP: 19/24
 13388 | D:10     | Found a portal to a secret trove of treasure.
 13635 | D:11     | Reached *** piety under Vehumet
 13837 | D:11     | Learned a level 2 spell: Scorch
 14144 | D:11     | Learned a level 4 spell: Dispel Undead
 14170 | D:11     | HP: 2/91 [skeletal warrior/+2 hand axe of flaming (3)]
 14504 | D:11     | Lost mutation: You are clumsy. (Dex -2) [potion of
                  | mutation]
 14504 | D:11     | Lost mutation: Your body sometimes deteriorates upon taking
                  | damage. [potion of mutation]
 14504 | D:11     | Lost mutation: You are dopey. (Int -2) [potion of mutation]
 14504 | D:11     | Gained mutation: You occasionally lose the ability to drink
                  | potions when taking damage. [potion of mutation]
 14504 | D:11     | Gained mutation: Your magical capacity is low. (-10% MP)
                  | [potion of mutation]
 14504 | D:11     | Gained mutation: Your muscles are strong. (Str +4, Int/Dex
                  | -1) [potion of mutation]
 15025 | D:12     | Identified the +3 buckler "Deomiala" {rF++ Dex+2}
 15121 | D:12     | Offered knowledge of Ignite Poison by Vehumet.
 15473 | D:12     | Found a staircase to the Orcish Mines.
 15672 | D:12     | Reached **** piety under Vehumet
 15679 | D:12     | Offered knowledge of Hailstorm by Vehumet.
 16148 | D:12     | Reached XP level 13. HP: 81/98 MP: 23/23
 16209 | D:12     | Learned a level 4 spell: Summon Ice Beast
 16284 | D:12     | Demolished by an enormous slime creature

Illustrated notes

Levels and vault maps discovered:
D:1:      scummos_arrival_simple_crosswalls, layout_loops_corners, serial_bayou,
          serial_bayou_pond_c, serial_bayou_crossing, serial_bayou_pond_e,
          serial_bayou_pond_a, basic_ecumenical_altar, minmay_hexomino_r4
D:2:      layout_basic, grunt_ministairs_15
D:3:      cheibrodos_thug_alley, layout_basic, mainiacjoe_overflow_24_doors,
          mainiacjoe_overflow_brackets, serial_co_window_serial,
          co_window_paths_a, co_window_corner_a, co_window_paths_b,
          co_window_of_opportunity_a, co_window_paths_b, co_window_corner_a,
          co_window_paths_b, co_window_corner_a, co_window_paths_b,
          co_window_unsneaky_path_e, co_window_broadway_b, co_window_corner_b,
          co_window_unsneaky_path_c, glass_columns_c, glass_columns_a,
          glass_columns_b, glass_columns_a, uniq_sigmund
D:4:      layout_loops_cross, dancing_weapons_uskayaw, serial_shops,
          nicolae_shop_trees, nicolae_shop_stone, nicolae_stop_n_shop_2,
          nicolae_shop_temple_entry_statues_fountains, nicolae_stop_n_shop_1,
          minmay_misc_feat_plants, uniq_robin, uniq_edmund
D:5:      layout_basic, mainiacjoe_overflow_paths,
          nicolae_ru_great_annihilating_truth
D:6:      layout_rooms, kennysheep_mini, mainiacjoe_overflow_surrounded_room
D:7:      layout_loops_ring, lemuel_doored_altar, minmay_temple_entry_overgrown,
          gup_ossuary_entry_pyramid, serial_shops, nicolae_diamond_shop,
          shop_statue, minmay_joined_circles
D:8:      layout_cave_pools, bloody_trog
D:9:      layout_loops_ring, nicolae_overflow_crystal_walls, lair_entry_dummy
D:10:     layout_rooms, nicolae_trove_entry_crossroad, uniq_grum
D:11:     layout_grid_maze
D:12:     layout_long_grid, erik_orc_4, minmay_librarian
Temple:   nicolae_temple_no_exploring_needed
Lair:1:   lemuel_ratsnest, layout_cellular_growth, evilmike_ambush
          [evilmike_ambush_outer_basic, evilmike_ambush_inner_basic]
Lair:2:   layout_loops_ring, nicolae_shoals_entry_flooding,
          spider_nest_entry_rubble

Skill      XL: |  1  2  3  4  5  6  7  8  9 10 11 12 |
---------------+-------------------------------------+-----
Spellcasting   | 5 6 7 8 9 |  9.6
Invocations    | 1 2 3 4 5 6 7 8 |  8.9
Fighting       | 1 2 3 4 5 6 7 8 |  8.1
Short Blades   | 1 2 3 4 5 6 7 8 |  8.1
Long Blades    | 1 2 3 4 5 6 7 8 |  8.1
Axes           | 1 2 3 4 5 6 7 8 |  8.1
Maces & Flails | 1 2 3 4 5 6 7 8 |  8.1
Polearms       | 1 2 3 4 5 6 7 8 |  8.1
Staves         | 1 2 3 4 5 6 7 8 |  8.1
Ranged Weapons | 1 2 3 4 5 6 7 8 |  8.1
Throwing       | 1 2 3 4 5 6 7 8 |  8.1
Armour         | 1 2 3 4 5 6 7 8 |  8.1
Shields        | 1 2 3 4 5 6 7 8 |  8.1
Unarmed Combat | 1 2 3 4 5 6 7 8 |  8.1
Evocations     | 1 2 3 4 5 6 7 8 |  8.1
Hexes          | 1 2 3 4 5 6 |  6.7
Summonings     | 1 2 3 4 5 6 |  6.7
Necromancy     | 1 2 3 4 5 6 |  6.7
Translocations | 1 2 3 4 5 6 |  6.7
Transmutations | 1 2 3 4 5 6 |  6.7
Fire Magic     | 1 2 3 4 5 6 |  6.7
Ice Magic      | 1 2 3 4 5 6 |  6.7
Air Magic      | 1 2 3 4 5 6 |  6.7
Earth Magic    | 1 2 3 4 5 6 |  6.7
Poison Magic   | 1 2 3 4 5 6 |  6.7
Dodging        | 5 6 7 8 9 |  9.4
Stealth        | 5 6 7 8 9 |  9.2
Conjurations   | 8 9 |  9.9

Action                     |  1- 3 |  4- 6 |  7- 9 | 10-12 | 13-15 || total
---------------------------+-------+-------+-------+-------+-------++-------
  Melee: Short sword       |     2 |       |       |       |       ||     2
         Halberd           |       |       |     2 |    22 |       ||    24
         Bite              |       |       |       |     4 |       ||     4
         Dagger            |       |       |       |    12 |       ||    12
         Staff             |       |       |       |     2 |       ||     2
  Throw: Dart              |       |       |    13 |    12 |       ||    25
         Javelin           |       |       |       |     2 |       ||     2
   Cast: Magic Dart        |    64 |    23 |   174 |    77 |       ||   338
         Searing Ray       |     1 |     6 |    66 |   140 |     2 ||   215
         Summon Guardian G |       |       |       |    34 |       ||    34
         Freeze            |       |       |       |     1 |       ||     1
         Sandblast         |       |       |       |    12 |     4 ||    16
         Tukima's Dance    |       |       |       |    16 |       ||    16
         Vampiric Draining |       |       |       |    18 |     9 ||    27
         Call Canine Famil |       |       |       |    18 |       ||    18
         Gell's Gravitas   |       |       |       |     3 |       ||     3
         Dispel Undead     |       |       |       |    15 |       ||    15
         Scorch            |       |       |       |    10 |     2 ||    12
         Summon Ice Beast  |       |       |       |       |     1 ||     1
Ability: Evoke Blink       |       |       |       |     3 |       ||     3
  Evoke: Wand              |       |       |       |     4 |       ||     4
    Use: Scroll            |     1 |     1 |    22 |    17 |       ||    41
         Potion            |       |       |     2 |    10 |       ||    12
   Stab: Distracted        |       |       |       |     1 |       ||     1
 Armour: Robe              |     1 |     1 |    29 |   191 |     1 ||   223
  Dodge: Dodged            |     4 |     5 |    74 |   381 |     5 ||   469
  Block: Other             |       |       |    18 |    14 |       ||    32
         Buckler           |       |       |       |    65 |     7 ||    72

Table legend: (Time is in decaauts)
 A = Elapsed time spent in this place.
 B = Non-inter-level travel time spent in this place.
 C = Inter-level travel time spent in this place.
 D = Time resting spent in this place.
 E = Time spent auto-exploring this place.
 F = Levels seen in this place.
 G = Mean time per level.
                   A        B        C        D        E       F      G
               +--------+--------+--------+--------+--------+-----+--------+
         Total |  16335 |   9268 |   7067 |   5300 |      0 |  15 | 1089.0 |
       Dungeon |  14022 |   7559 |   6463 |   4249 |      0 |  12 | 1168.5 |
        Temple |     46 |      3 |     43 |      0 |      0 |   1 |   46.0 |
          Lair |   2267 |   1706 |    561 |   1051 |      0 |   2 | 1133.5 |
               +--------+--------+--------+--------+--------+-----+--------+

Top non-repeatable levels by time:
  Lair:1: 1723 daAuts
     D:9: 1595 daAuts
    D:11: 1440 daAuts
     D:7: 1341 daAuts
     D:5: 1340 daAuts
     D:3: 1338 daAuts
     D:4: 1333 daAuts
    D:12: 1330 daAuts
     D:1: 1110 daAuts
    D:10: 961 daAuts
     D:2: 844 daAuts
     D:6: 731 daAuts
     D:8: 654 daAuts
  Lair:2: 543 daAuts
  Temple: 46 daAuts
